 Dungeon Crawl Stone Soup version 0.21.1-1-g345015fe64 (webtiles) character file.

7244 Knicklaso the Cruncher (level 10, -3/86 HPs)
             Began as a Demonspawn Gladiator on Apr 15, 2018.
             Was a Believer of Uskayaw.
             Slain by a two-headed ogre
             ... wielding a +0 giant club
              (17 damage)
             ... on level 10 of the Dungeon.
             The game lasted 00:24:42 (8903 turns).

Knicklaso the Cruncher (Demonspawn Gladiator)       Turns: 8903, Time: 00:24:43

Health: -3/86      AC: 16    Str: 16    XL:     10   Next: 88%
Magic:  0/10       EV:  7    Int: 12    God:    Uskayaw [**....]
Gold:   430        SH:  0    Dex: 14    Spells: 9/9 levels left

rFire    . . .     SeeInvis +   a - +0 quarterstaff
rCold    . . .     Gourm    .   (shield currently unavailable)
rNeg     . . .     Faith    .   l - +0 chain mail of Trial and Error {MR- Regen+ Slay+5 SInv} (curse)
rPois    .         Spirit   +   c - +0 helmet
rElec    .         Reflect  .   (no cloak)
rCorr    .         Harm     .   w - +1 pair of gloves
MR       .....                  y - +1 pair of boots
Stlth    ..........             (no amulet)
HPRegen  0.64/turn              (no ring)
MPRegen  0.24/turn              (no ring)

@: no status effects
A: hooves 1, icy blue scales 2, powered by death 1, magic shield, magic
regeneration
a: Stomp, Line Pass, Renounce Religion


You were on level 10 of the Dungeon.
You worshipped Uskayaw.
Uskayaw was noncommittal.
You were very hungry.

You visited 1 branch of the dungeon, and saw 10 of its levels.

You collected 629 gold pieces.
You spent 199 gold pieces at shops.

Inventory:

Hand Weapons
 a - a +0 quarterstaff (weapon)
Missiles
 j - 5 javelins
 p - 4 throwing nets
 v - 15 tomahawks (quivered)
 G - 9 tomahawks of returning
Armour
 b - a +0 leather armour
 c - a +0 helmet (worn)
 l - the cursed +0 chain mail of Trial and Error (worn) {MR- Regen+ Slay+5 SInv}
   (You bought it in a shop on level 5 of the Dungeon)

   It affects your accuracy and damage with ranged weapons and melee attacks
   (+5).
   It affects your resistance to hostile enchantments.
   It lets you see invisible.
   It increases your rate of regeneration.
   It has a curse placed upon it.
 n - a +0 buckler
 u - a +0 ring mail
 w - a +1 pair of gloves (worn)
 y - a +1 pair of boots (worn)
Magical Staves
 x - an uncursed staff of cold {unknown}
 D - an uncursed staff of poison {unknown}
Jewellery
 A - a +4 ring of dexterity {unknown}
 F - an uncursed ring of ice {unknown}
Wands
 i - a wand of enslavement (1)
 o - a wand of scattershot (1)
 C - a wand of flame (22)
 J - a wand of iceblast (7)
 K - a wand of digging (10)
Scrolls
 d - a scroll of blinking {unknown}
 h - 5 scrolls of remove curse
 k - a scroll of random uselessness {unknown}
 m - 3 scrolls of amnesia {unknown}
 s - a scroll of enchant weapon {unknown}
 t - 6 scrolls of identify
 B - a scroll of fear {unknown}
 H - a scroll of teleportation {unknown}
Potions
 e - 8 potions of haste
 g - 4 potions of lignification
 q - 3 potions of ambrosia
 r - 5 potions of curing
 z - 3 potions of might {unknown}
Books
 E - a book of Clouds

   Spells                             Type                      Level
   a - Poisonous Vapours              Poison/Air                   2
   b - Mephitic Cloud                 Conjuration/Poison/Air       3
   c - Conjure Flame                  Conjuration/Fire             3
   d - Freezing Cloud                 Conjuration/Ice/Air          6
   e - Ring of Flames                 Charms/Fire                  7
 I - a book of Conjurations

   Spells                             Type                      Level
   a - Magic Dart                     Conjuration                  1
   b - Searing Ray                    Conjuration                  2
   c - Dazzling Spray                 Conjuration/Hexes            3
   d - Fulminant Prism                Conjuration/Hexes            4
   e - Force Lance                    Conjuration/Translocation    4
   f - Iskenderun's Mystic Blast      Conjuration                  4
Comestibles
 f - 24 rations


   Skills:
 - Level 10.5 Fighting
 * Level 12.1 Staves
 - Level 1.7 Throwing
 - Level 0.6 Armour
 - Level 2.6 Dodging


You had 9 spell levels left.
You didn't know any spells.

Dungeon Overview and Level Annotations

Branches:
Dungeon (10/15)            Temple (0/1) D:7             Orc (0/2) D:9
   Lair: D:8-11

Altars:
Dithmenos
Kikubaaqudgha
Makhleb
Nemelex Xobeh
Okawaru
Trog
Uskayaw
Xom
Yredelemnul
Zin

Shops:
D:5 *([   D:6 =


Innate Abilities, Weirdness & Mutations

You have large cloven feet.
You are mostly covered in icy blue scales. (AC +3)
You regenerate a little health from kills.
When hurt, damage is shared between your health and your magic reserves.
You regenerate magic rapidly.


Message History

The two-headed ogre hits you with a giant spiked club.
You can now pass through a line of other dancers.
You sock the two-headed ogre!
The two-headed ogre is severely wounded.
You barely miss the two-headed ogre.
The two-headed ogre is severely wounded.
The two-headed ogre hits you with a giant club!!
* * * LOW HITPOINT WARNING * * *
The two-headed ogre closely misses you.
Evoke which item? (* to show all) (? for menu, Esc to quit)
Aiming: Iceblast
Press: ? - help, Shift-Dir - straight line, f - two-headed ogre
Aim: a two-headed ogre, wielding a giant club and a giant spiked club (severely wounded)
The mass of ice explodes!
The iceblast engulfs the two-headed ogre.
The two-headed ogre is almost dead.
You barely miss the two-headed ogre.
The two-headed ogre is almost dead.
The two-headed ogre hits you with a giant club!!
You die...

......###### #.# .# >.....#
#.# #####.#### (.....# #.#
#......... ......# #.#
#......... #..#### #.#
#.....(... ..##
##.####[........ ..#
####............... .#
#####.....####......... .#
##.....##...@O....(....?
.####.......................
.#.................(#####.##
...#)...............# #
.###................# .#
#................# .#
#................# .#
#.................. .#
##..............##.#


You could see a two-headed ogre.

Vanquished Creatures
  Erolcha (D:9)
  A two-headed ogre (D:10)
  Maurice (D:8)
  A hippogriff (D:9)
  2 wyverns
  4 yaks (D:9)
  The ghost of Goboxel the Slasher, an amateur DrMo (D:3)
  A water moccasin (D:9)
  4 porcupines (D:9)
  The ghost of KingHarkinian the Magician, an amateur SpCj of Yredelemnul (D:4)
  2 orc warriors
  4 ice beasts
  2 phantoms
  A sky beast (D:6)
  5 ogres
  3 centaurs
  6 bullfrogs
  A gnoll sergeant (D:8)
  A wyvern zombie (D:10)
  A water moccasin skeleton (D:7)
  3 scorpions
  4 killer bees
  3 wights (D:7)
  2 howler monkeys
  4 crimson imps
  A bullfrog zombie (D:9)
  A centaur zombie (D:10)
  3 hounds
  6 jellies
  3 orc priests
  4 iguanas
  7 orc wizards
  2 worker ants
  2 worker ant zombies
  10 gnolls
  A howler monkey skeleton (D:7)
  7 adders
  2 shadow imps
  A worm (D:2)
  An adder skeleton (D:4)
  A dart slug (D:2)
  3 leopard geckos
  28 orcs
  2 ball pythons
  7 giant cockroaches
  5 hobgoblins
  14 jackals
  6 quokkas
  A ball python skeleton (D:4)
  4 bats
  7 frilled lizards
  11 goblins
  8 kobolds
  A quokka skeleton (D:7)
  9 rats
217 creatures vanquished.

Notes
Turn   | Place    | Note
-------+----------+-------------------------------------------
     0 | D:1      | Knicklaso the Demonspawn Gladiator began the quest for the Orb.
     0 | D:1      | Reached XP level 1. HP: 16/16 MP: 1/1
   159 | D:1      | Gained mutation: You regenerate a little health from kills. [demonic ancestry]
   159 | D:1      | Reached XP level 2. HP: 17/23 MP: 2/2
   379 | D:1      | Gained mutation: You are partially covered in icy blue scales. (AC +2) [demonic ancestry]
   379 | D:1      | Reached XP level 3. HP: 21/29 MP: 3/3
   637 | D:2      | Found a hide-covered altar of Uskayaw.
   661 | D:2      | Became a worshipper of Uskayaw the Reveler
   671 | D:2      | Reached * piety under Uskayaw
   762 | D:2      | Found a sparkling altar of Nemelex Xobeh.
   962 | D:2      | Reached skill level 3 in Staves
  1035 | D:2      | HP: 1/30 [poisoned by an adder]
  1343 | D:2      | Gained mutation: When hurt, damage is shared between your health and your magic reserves. [demonic ancestry]
  1343 | D:2      | Reached XP level 4. HP: 25/37 MP: 4/4
  1346 | D:2      | Reached ** piety under Uskayaw
  2069 | D:3      | Found a burning altar of Makhleb.
  2107 | D:3      | Reached *** piety under Uskayaw
  2262 | D:3      | Gained mutation: You have large cloven feet. [demonic ancestry]
  2262 | D:3      | Reached XP level 5. HP: 42/43 MP: 3/5
  2272 | D:3      | Noticed Goboxel's ghost (amateur DrMo)
  2816 | D:3      | Found a glowing silver altar of Zin.
  2947 | D:3      | Killed Goboxel's ghost
  2947 | D:3      | Reached skill level 5 in Fighting
  2947 | D:3      | Reached skill level 4 in Staves
  2947 | D:3      | Reached XP level 6. HP: 48/51 MP: 6/6
  3116 | D:4      | Noticed KingHarkinian's ghost (amateur SpCj)
  3404 | D:4      | Killed KingHarkinian's ghost
  3404 | D:4      | Reached skill level 5 in Staves
  3800 | D:4      | Gained mutation: You regenerate magic rapidly. [demonic ancestry]
  3800 | D:4      | Reached XP level 7. HP: 58/58 MP: 7/7
  3951 | D:4      | Found an iron altar of Okawaru.
  3951 | D:4      | Found an ancient bone altar of Kikubaaqudgha.
  4087 | D:5      | Entered Level 5 of the Dungeon
  4269 | D:5      | Found Fokle's Assorted Antiques.
  4382 | D:5      | Found Mabityil's Antique Armour Shop.
  4386 | D:5      | Bought a translucent chain mail for 199 gold pieces
  4396 | D:5      | Identified the cursed +0 chain mail of Trial and Error {MR- Regen+ Slay+5 SInv} (You bought it in a shop on level 5 of the Dungeon)
  4422 | D:5      | Found a shimmering altar of Xom.
  4453 | D:5      | Found a shadowy altar of Dithmenos.
  4500 | D:5      | Found Poingur's Antique Weapon Shop.
  4522 | D:5      | Found a bloodstained altar of Trog.
  5242 | D:6      | Reached skill level 6 in Staves
  5329 | D:6      | Reached XP level 8. HP: 67/67 MP: 8/8
  5329 | D:6      | Reached **** piety under Uskayaw
  5359 | D:6      | Found Johes's Jewellery Shoppe.
  5727 | D:7      | Reached skill level 7 in Staves
  6105 | D:7      | Reached skill level 8 in Staves
  6105 | D:7      | Reached XP level 9. HP: 50/75 MP: 6/9
  6116 | D:7      | Found a staircase to the Ecumenical Temple.
  7044 | D:8      | Reached ***** piety under Uskayaw
  7060 | D:8      | Noticed Maurice
  7107 | D:8      | Killed Maurice
  7107 | D:8      | Reached skill level 9 in Staves
  7451 | D:9      | Reached skill level 10 in Staves
  7522 | D:9      | Gained mutation: You are mostly covered in icy blue scales. (AC +3) [demonic ancestry]
  7522 | D:9      | Reached XP level 10. HP: 38/85 MP: 8/10
  7916 | D:9      | Reached skill level 10 in Fighting
  7959 | D:9      | Found a staircase to the Orcish Mines.
  8048 | D:9      | Found a basalt altar of Yredelemnul.
  8084 | D:9      | Noticed Erolcha
  8093 | D:9      | Killed Erolcha
  8093 | D:9      | Reached skill level 11 in Staves
  8667 | D:10     | Entered Level 10 of the Dungeon
  8828 | D:10     | Noticed a two-headed ogre
  8839 | D:10     | Reached ****** piety under Uskayaw
  8840 | D:10     | Killed a two-headed ogre
  8840 | D:10     | Reached skill level 12 in Staves
  8886 | D:10     | Noticed a two-headed ogre
  8903 | D:10     | Slain by a two-headed ogre

Skill      XL: |  1  2  3  4  5  6  7  8  9 10 |
---------------+-------------------------------+-----
Fighting       | 3 4 5 6 7 8 9 10 | 10.5
Staves         | 3 4 5 6 8 10 12 | 12.1
Throwing       | |  1.7
Armour         | |  0.6
Dodging        | |  2.6

Action                   |  1- 3 |  4- 6 |  7- 9 | 10-12 || total
-------------------------+-------+-------+-------+-------++-------
Melee: Quarterstaff      |   158 |   148 |   303 |   165 ||   774
       Kick              |       |    21 |    42 |       ||    63
Throw: Stone             |     5 |       |       |       ||     5
       Throwing net      |     1 |     8 |       |       ||     9
       Tomahawk          |       |     4 |    10 |    11 ||    25
Invok: Line Pass         |       |       |     1 |       ||     1
Evoke: Wand              |       |     4 |       |     1 ||     5
  Use: Scroll            |       |       |     7 |       ||     7
 Stab: Paralysed         |       |     1 |    12 |     7 ||    20
  Eat: Chunk             |     1 |     9 |    12 |     3 ||    25
Armor: Leather armour    |    50 |    49 |     1 |       ||   100
       Chain mail        |       |       |   174 |    63 ||   237
       Ring mail         |       |       |    10 |       ||    10
Dodge: Dodged            |   116 |    99 |   114 |    40 ||   369
